Map: Para Site LE

Players

PiG - Winner!

  • Race: Terran Terran
  • League: Grandmaster
  • Spawn Location: 5:00

Novice

  • Race: Protoss Protoss
  • League: Master
  • Spawn Location: 11:00

VOD

Have the link to the VOD?

Description

Time

  • Played on: Oct. 7, 2018, 6:27 p.m.
  • Length: 17:42
Show
View Real Time Build Order
Export as new Build Order

PiG Terran - Winner!

Build Orders: Reaper Expand, MMM Bio 

Get SALT Encoding   

  12  0:01  SCV  
  13  0:13  SCV  
  14  0:18  Supply Depot  
  14  0:25  SCV  
  15  0:39  SCV  
  15  0:40  Barracks  
  16  0:43  Refinery  
  16  0:51  SCV  
  17  1:03  SCV  
  18  1:15  SCV  
  19  1:28  Orbital Command, Reaper  
  20  1:41  Command Center  
  20  1:54  SCV  
  20  1:57  Barracks  
  20  2:00  Barracks Reactor  
  21  2:04  Supply Depot  
  21  2:08  SCV  
  22  2:20  Barracks  
  22  2:21  SCV  
  23  2:24  Refinery  
  23  2:33  Engineering Bay  
  23  2:35  SCV  
  23  2:45  Marine x2  
  23  2:46  Barracks Tech Lab  
  25  2:54  Orbital Command  
  25  2:56  SCV  
  26  3:03  Marine x2  
  28  3:06  Stimpack  
  28  3:08  Barracks Tech Lab  
  28  3:11  Marine  
  29  3:16  SCV  
  29  3:18  Terran Infantry Weapons Level 1  
  30  3:20  SCV  
  30  3:21  Marine  
  30  3:25  Marine  
  33  3:28  SCV  
  33  3:29  Marine  
  33  3:32  SCV  
  36  3:39  Marine  
  36  3:40  Supply Depot, SCV  
  38  3:43  Marine  
  38  3:46  SCV  
  40  3:52  Combat Shield, SCV  
  41  3:57  Refinery, Marine x2  
  41  3:58  SCV  
  41  4:02  Supply Depot  
  44  4:06  Marine  
  44  4:09  Marine  
  46  4:10  SCV  
  46  4:14  Marine  
  46  4:15  Marine  
  49  4:23  Marine  
  50  4:24  Factory  
  50  4:25  Supply Depot  
  50  4:28  SCV x2  
  50  4:29  Marine  
  53  4:32  Marine  
  54  4:40  SCV x2  
  54  4:41  Supply Depot  
  56  4:45  Marine x2  
  56  4:52  SCV  
  59  4:58  Marauder  
  63  5:00  Marauder  
  63  5:01  SCV  
  63  5:04  Supply Depot  
  63  5:05  Marine x2  
  66  5:10  Factory Reactor, Starport  
  66  5:12  Terran Infantry Armor Level 1, Concussive Shells  
  66  5:14  SCV x2  
  66  5:16  Refinery  
  67  5:44  Marine  
  67  5:46  Marine  
  67  5:49  SCV x2  
  70  5:51  Command Center  
  70  5:55  Marauder, Marine  
  73  5:59  Armory  
  73  6:02  Marine  
  70  6:17  Marauder, Marine, Medivac x2  
  77  6:19  SCV x2  
  77  6:23  Supply Depot  
  77  6:24  Marauder, Factory Reactor  
  77  6:25  Supply Depot, Marine  
  80  6:31  Starport  
  81  6:34  Fusion Core  
  81  6:35  Marine  
  81  6:38  SCV x2  
  81  6:39  Marauder  
  86  6:45  Marauder, Missile Turret, Marine  
  89  6:47  Missile Turret  
  89  6:50  SCV x2  
  89  6:52  Marine  
  89  6:53  Medivac  
  94  6:57  Medivac  
  94  7:00  Marauder  
  98  7:02  Supply Depot, Marine  
  98  7:05  Supply Depot  
  98  7:06  Marine  
  98  7:07  Starport Tech Lab  
  98  7:08  Liberator  
  100  7:12  Orbital Command  
  100  7:13  Missile Turret  
  100  7:17  SCV  
  100  7:19  Terran Infantry Weapons Level 2  
  100  7:22  Marine x2  
  102  7:27  Advanced Ballistics  
  105  7:30  SCV  
  105  7:33  SCV  
  105  7:34  Liberator  
  107  7:42  SCV  
  108  7:47  Marine  
  108  7:48  Marauder  
  111  7:52  SCV, Terran Ship Weapons Level 1  
  111  7:53  SCV  
  111  7:54  Refinery, SCV  
  111  7:55  Refinery  
  111  7:56  Supply Depot  
  111  7:57  Supply Depot  
  117  8:00  Marine  
  117  8:01  Marauder  
  117  8:05  SCV x2  
  122  8:06  SCV  
  123  8:17  SCV x2  
  123  8:18  SCV  
  123  8:19  Supply Depot  
  126  8:23  Marine  
  126  8:24  Marauder  
  126  8:25  Liberator x2  
  126  8:26  Liberator  
  129  8:28  Marine  
  129  8:29  Marauder  
  128  8:41  Marine  
  128  8:45  Marauder, SCV x3  
  143  8:48  Supply Depot  
  143  8:50  Supply Depot  
  143  8:52  Bunker  
  143  9:02  Marauder, Marine x2  
  147  9:06  Missile Turret  
  147  9:08  Liberator x2  
  147  9:09  Missile Turret, Liberator  
  147  9:10  Barracks  
  147  9:11  Barracks  
  144  9:25  Marine x2  
  144  9:26  Marauder  
  156  9:32  Supply Depot  
  156  9:34  Marauder  
  156  9:35  Terran Infantry Armor Level 2  
  156  9:36  Missile Turret, Ghost Academy  
  158  9:43  Marine x2  
  158  9:45  Widow Mine x2  
  164  9:47  Marauder  
  164  9:50  Liberator  
  166  9:56  Marauder, Command Center  
  166  9:58  Liberator x2  
  168  10:00  Supply Depot  
  168  10:01  Marine  
  168  10:06  Supply Depot  
  169  10:08  Marauder  
  173  10:14  Marine x2  
  173  10:20  Barracks Tech Lab x2  
  181  10:22  Marauder  
  180  10:33  Liberator  
  179  10:48  Marine  
  179  10:49  Marauder, Marine  
  185  11:15  Liberator x2  
  185  11:17  Marine  
  185  11:18  Marauder x2  
  181  11:21  Liberator  
  179  11:28  Marauder  
  179  11:29  Marauder, Marine  
  171  11:35  Marine  
  171  11:39  Marauder x2  
  173  11:46  Marine  
  166  11:49  Marauder  
  166  11:50  Marauder  
  166  11:53  Marine  
  163  11:55  Planetary Fortress  
  163  11:58  Refinery, Liberator x2  
  163  12:00  Marine  
  163  12:01  Marauder  
  137  12:04  Marine, Liberator  
  129  12:09  Refinery  
  129  12:10  Marauder  
  129  12:11  Marine, Command Center  
  129  12:12  Marauder  
  137  12:18  Marine  
  137  12:22  Marauder, Marine  
  147  12:25  Widow Mine x2  
  147  12:27  Missile Turret  
  147  12:29  Marine  
  152  12:32  Marauder, Barracks  
  152  12:33  Marauder  
  152  12:35  Barracks  
  152  12:36  Marine  
  157  12:40  Marine  
  157  12:41  Liberator x2  
  157  12:43  Marauder  
  160  12:46  Marine, Liberator  
  161  12:52  Ghost  
  161  12:54  Marauder, Marine  
  175  13:11  Marine  
  175  13:12  Marauder, Marine  
  179  13:15  Marauder, Marine  
  179  13:16  Terran Ship Weapons Level 2  
  179  13:17  Terran Infantry Weapons Level 3  
  182  13:20  SCV  
  182  13:22  Planetary Fortress  
  182  13:24  Missile Turret, Liberator x2  
  183  13:29  Liberator  
  183  13:38  Marine  
  183  13:39  Marauder, Marine  
  183  13:41  Ghost x3  
  197  13:52  Barracks x2  
  195  14:00  Marauder, Marine  
  195  14:08  Refinery  
  195  14:10  SCV  
  195  14:12  Personal Cloaking  
  195  14:16  Command Center  
  196  14:27  Liberator  
  196  14:28  Refinery  
  193  14:43  Marauder, Marine x2  
  193  14:45  Marine  
  197  14:53  Ghost Academy  
  197  14:54  Marauder, Marine  
  197  14:57  Ghost Academy  
  200  15:02  Liberator x2  
  197  15:18  Marine  
  197  15:19  Marauder  
  160  15:24  Marine  
  160  15:25  Marauder, Marine  
  160  15:27  Medivac  
  143  15:35  Marauder  
  143  15:36  Marine  
  143  15:38  Nuke  
  143  15:40  Marine  
  145  15:45  Barracks Tech Lab x2, Planetary Fortress, Liberator  
  145  15:50  Marine x2  
  145  15:51  Marauder  
  145  15:54  Marine  
  145  15:56  Ghost  
  145  15:57  Medivac  
  154  15:58  Marauder, Missile Turret  
  154  16:02  Medivac  
  154  16:03  Marine  
  154  16:04  Marauder  
  164  16:08  Marine  
  164  16:09  Marauder, Liberator  
  167  16:11  Marine  
  167  16:12  Marine  
  169  16:19  Marauder  
  169  16:21  Marine  
  169  16:24  Marine x2  
  173  16:26  Marine  
  173  16:30  Marauder, Marine  
  173  16:32  Medivac  
  176  16:37  Marine  
  176  16:39  Marauder  
  179  16:44  Marauder, Marine  
  179  16:45  Medivac  
  184  16:58  Nuke x2  
  183  17:01  Marauder, Marine  
  192  17:35  Refinery  
  192  17:36  Refinery  
Show
View Real Time Build Order
Export as new Build Order

Novice Protoss 

Build Orders: 1 Gate Expand, Oracle Opening 

Get SALT Encoding   

  12  0:00  Probe  
  13  0:13  Probe  
  14  0:19  Pylon  
  14  0:24  Probe  
  15  0:33  Probe  
  15  0:39  Gateway  
  15  0:41  Probe  
  17  0:50  Assimilator  
  17  0:52  Probe  
  18  1:04  Probe  
  19  1:17  Probe  
  20  1:25  Nexus  
  20  1:37  Cybernetics Core  
  20  1:38  Probe  
  21  1:46  Assimilator  
  21  1:50  Probe  
  22  1:55  Pylon  
  22  2:03  Probe  
  22  2:05  Adept  
  23  2:15  Probe  
  26  2:21  Stargate  
  26  2:27  Probe  
  27  2:30  Warp Gate  
  29  2:37  Adept  
  29  2:38  Probe  
  29  2:42  Probe  
  29  2:46  Probe  
  29  2:50  Probe  
  31  2:54  Probe  
  31  2:57  Oracle  
  32  2:59  Probe  
  34  3:05  Probe  
  34  3:11  Probe  
  39  3:17  Probe  
  39  3:18  Gateway  
  40  3:23  Probe  
  40  3:25  Gateway  
  41  3:33  Oracle  
  41  3:34  Probe  
  42  3:35  Probe  
  42  3:36  Pylon  
  46  3:54  Probe x2, Pylon  
  48  4:06  Probe x2  
  50  4:13  Nexus  
  50  4:16  Pylon  
  50  4:18  Probe x2  
  52  4:27  Assimilator  
  52  4:28  Assimilator  
  52  4:30  Probe  
  53  4:32  Forge, Twilight Council  
  53  4:35  Probe  
  54  4:42  Probe  
  55  4:48  Probe  
  56  4:54  Probe  
  56  4:56  Blink  
  56  4:57  Stalker  
  56  4:58  Stalker x2  
  66  5:00  Probe, Protoss Ground Weapons Level 1  
  66  5:05  Shield Battery  
  67  5:14  Shield Battery x2  
  67  5:16  Shield Battery  
  64  5:22  Stalker  
  64  5:24  Sentry x2  
  70  5:29  Probe x2  
  70  5:30  Probe  
  70  5:32  Shield Battery  
  73  5:48  Stalker x3  
  79  5:50  Probe x2  
  79  5:56  Probe  
  76  6:13  Stalker x3  
  76  6:15  Probe x3  
  85  6:30  Charge  
  85  6:33  Gateway  
  85  6:34  Gateway  
  85  6:35  Gateway  
  85  6:36  Protoss Ground Armor Level 1  
  85  6:37  Gateway x2  
  85  6:38  Robotics Facility  
  85  6:39  Pylon  
  85  6:42  Pylon  
  85  6:49  Pylon  
  85  6:50  Pylon  
  85  7:04  Stalker x3  
  91  7:13  Probe x2  
  91  7:14  Probe  
  94  7:25  Warp Prism, Probe  
  94  7:27  Probe x2  
  94  7:34  Assimilator  
  94  7:35  Templar Archives  
  96  7:37  Probe  
  96  7:39  Zealot x6  
  96  7:40  Zealot x2  
  110  7:44  Probe x2, Psionic Storm  
  110  7:49  Probe  
  113  7:52  Assimilator  
  113  7:57  Probe  
  114  7:59  Probe  
  114  8:04  Pylon  
  115  8:12  High Templar  
  117  8:17  Pylon  
  117  8:18  Pylon  
  116  8:20  Pylon  
  116  8:25  Observer  
  117  8:35  High Templar x2  
  117  8:37  High Templar  
  117  8:39  Zealot  
  117  8:40  Zealot x3  
  131  8:50  Immortal, Photon Cannon  
  131  8:53  Shield Battery  
  131  8:54  Photon Cannon  
  131  9:00  Pylon  
  135  9:02  Stalker, Robotics Facility  
  135  9:03  Stalker x2  
  135  9:08  Nexus  
  136  9:10  Pylon  
  136  9:14  Probe  
  136  9:15  Probe  
  135  9:18  Pylon  
  135  9:21  Photon Cannon  
  135  9:23  Photon Cannon  
  135  9:25  Photon Cannon  
  135  9:26  Protoss Ground Armor Level 2  
  135  9:27  Pylon  
  135  9:35  Probe x3  
  138  9:39  Immortal  
  138  9:47  Probe  
  143  9:53  Immortal  
  143  9:58  Stalker x2  
  151  10:03  Stalker x2  
  152  10:28  Stalker x7  
  152  10:29  Stalker  
  154  10:52  Zealot x2  
  154  10:53  Zealot x3  
  164  10:57  Nexus  
  164  10:58  Pylon  
  162  11:06  Probe x3  
  162  11:26  Pylon  
  160  11:36  Zealot x2  
  162  11:46  Stalker x6  
  116  12:01  Probe  
  116  12:03  Probe x2  
  116  12:06  Stalker  
  116  12:07  Assimilator  
  121  12:09  Assimilator  
  121  12:10  High Templar x3  
  121  12:13  Probe  
  129  12:15  Probe  
  129  12:17  Probe x2  
  131  12:25  Probe  
  131  12:27  Probe  
  131  12:29  Probe x2  
  135  12:38  Probe  
  135  12:39  Probe  
  135  12:40  Protoss Ground Armor Level 3  
  135  12:41  Probe  
  135  12:42  Probe  
  135  12:50  Probe  
  134  12:52  Probe, Forge  
  134  12:53  Probe, Stargate  
  134  12:54  Probe  
  134  12:57  Fleet Beacon  
  134  13:02  Probe, Stalker  
  134  13:03  Stalker x3, Phoenix  
  134  13:04  Protoss Air Weapons Level 1  
  144  13:13  Probe  
  145  13:28  Stalker x3  
  151  13:38  Zealot x4  
  158  13:46  Tempest x2  
  157  13:53  Stalker  
  157  13:54  Stalker x2  
  151  13:57  Protoss Ground Weapons Level 2  
  151  13:59  Probe  
  151  14:02  Probe  
  161  14:06  Probe  
  161  14:08  Probe  
  163  14:16  Probe  
  163  14:17  Probe  
  164  14:19  Probe  
  164  14:22  High Templar x3  
  171  14:28  Archon  
  163  15:01  Pylon  
  163  15:02  Nexus  
  163  15:04  Pylon  
  162  15:10  Tempest  
  147  15:16  Tempest  
  117  15:24  Probe x2  
  117  15:25  Probe  
  117  15:27  High Templar x5  
  115  15:30  Stalker x2  
  118  15:36  Probe  
  119  15:50  Tempest  
  125  16:02  Stalker x2  
  129  16:06  Archon  
  129  16:08  Zealot  
  126  16:33  Probe  
  126  16:39  Photon Cannon  
  127  16:41  Assimilator  
  127  16:42  High Templar x3  
  127  16:43  High Templar  
  127  16:45  High Templar  
  127  16:46  Assimilator  
  137  16:52  Archon x2  
  137  16:54  Oracle  
  137  16:57  Observer  
Tags
 
Add a new tag
Caveats
  • Supply blocks, unpowered buildings, or Contaminate may cause inaccurate times.
  • Supply counts are checked every 10 seconds.